[Event "*** Titled Tuesday Blitz"]
[Site "Chess.com"]
[Date "2019.12.03"]
[Round "2"]
[White "Spring199"]
[Black "Darhild"]
[Result "0-1"]
[WhiteElo "2303"]
[BlackElo "2657"]
[TimeControl "180+2"]
[EndTime "13:22:35 PST"]
[Termination "Darhild won by resignation"]

1. d4 Nf6 2. c4 g6 3. Nc3 d5 4. cxd5 Nxd5 5. e4 Nxc3 6. bxc3 Bg7 7. Nf3 c5 8. Bb5+ Nc6 9. O-O cxd4 10. cxd4 O-O 11. Bb2 Qb6 12. a4 Rd8 13. Bxc6 bxc6 14. Rb1 Bg4 15. Bc3 Qc7 16. Qd2 Bxf3 17. gxf3 Qd7 18.
Rfd1 Rab8 19. Rxb8 Rxb8 20. d5 Bxc3 21. Qxc3 cxd5 22.
Rxd5 Qxa4 23. Qc7 Re8 24. Rd7 Qa3 25. Kg2 a5 26. Rd5 a4 27. Ra5 Qb4 28. Ra7 h5 29.
Qd7 Rf8 30. Rxa4 Qc5 31. Ra7 Qg5+ 32. Kf1 Qc1+ 33. Kg2 Qg5+ 34. Kf1 e6 35. Qe7 Qf4 36. Kg2 h4 37. h3 Rc8 38. Rc7 Qxc7 39. Qxh4 Qd8 40.
Qg4 Rc5 41. h4 Qf6 42. Kg3 Kg7 43. Kg2 Qe5 44. Kh3 Rc3 45. Kg2 Qf6 46. Qg3 e5 47. h5 Qf4 48. Qh3 Qg5+ 49. Kh2 Qxh5 0-1

[Event "*** Titled Tuesday Blitz"]
[Site "Chess.com"]
[Date "2019.12.03"]
[Round "2"]
[White "Konavets"]
[Black "MaestroASK"]
[Result "1-0"]
[WhiteElo "2904"]
[BlackElo "2580"]
[TimeControl "180+2"]
[EndTime "13:22:41 PST"]
[Termination "Konavets won on time"]

1. c4 d6 2. Nc3 g6 3. g3 c6 4. Bg2 e5 5. d4 Bg7 6. Nf3 f6 7. e4 Nd7 8. O-O Bh6 9. b4 Bxc1 10. Rxc1 Nh6 11. c5 dxc5 12. dxc5 O-O 13. Nd2 Nf7 14. Nc4 Qe7 15. Qb3 Kg7 16. Rfd1 Rd8 17. a4 Nf8 18.
Na5 Ne6 19. Ne2 Nc7 20. Rxd8 Nxd8 21. Rd1 Nf7 22. Nc3 Be6 23. Nd5 Qd8 24. Nxb7 Qb8 25.
Na5 cxd5 26. exd5 Bf5 27. d6 Na6 28. Bxa8 Qxa8 29. c6 Qb8 30. b5 Nc5 31. Qc4 Ne4 32. c7 Qb6 33. Qc2 Nexd6 34. Qd2 Qxc7 35. Nc6 a6 36. Qd5 axb5 37. axb5 Be4 38. Qc5 Nxb5 39. Nd8 Nxd8 40. Qxb5 Nf7 41. h4 Qc2 42. Re1 Bc6 43.
Qb4 h5 44. Qa3 Bb7 45. Rf1 Qe4 46. f3 Qd4+ 47. Kh2 Qd2+ 48. Kg1 Qd4+ 49. Kh2 Bd5 50.
Qc1 Bc4 51. Rg1 Be2 52. Rg2 Bxf3 53. Rd2 Qe3 54. Kh3 e4 55. Kh2 Qh6 56. Qe1 e3 57. Rd3 Ne5 58. Ra3 e2 59. Ra7+ Nf7 60. Qc3 1-0

[Event "*** Titled Tuesday Blitz"]
[Site "Chess.com"]
[Date "2019.12.03"]
[Round "2"]
[White "kesarev"]
[Black "GremioPrudente"]
[Result "1-0"]
[WhiteElo "2486"]
[BlackElo "2242"]
[TimeControl "180+2"]
[EndTime "13:22:46 PST"]
[Termination "kesarev won on time"]

1. Nf3 Nf6 2. c4 c5 3. g3 b6 4. Bg2 Bb7 5. O-O e6 6. Nc3 Be7 7. d4 cxd4 8. Qxd4 d6 9. Bg5 a6 10. Bxf6 Bxf6 11. Qd3 Qc7 12. Rfd1 Be7 13. Ne4 Bxe4 14. Qxe4 Ra7 15. Rac1 Nc6 16. Nd2 Ne5 17. h3 O-O 18. f4 Nd7 19. Qf3 Rc8 20. b3 Qc5+ 21. Kh2 Nf6 22. Nb1 Rac7 23. Nc3 d5 24.
cxd5 Qb4 25. d6 Bxd6 26. Rd3 Qa3 27. Rcd1 Be7 28. Na4 b5 29. Nb6 Re8 30. Nd7 Qxa2 31. Nxf6+ Bxf6 32. g4 Rc2 33. g5 Be7 34. Rd7 Bb4 35.
Rd8 Rf8 36. Rxf8+ Bxf8 37. Rd8 Rxe2 38. Qa8 Qa3 39. Rd7 g6 40. Qe8 Rxg2+ 41. Kxg2 Qb2+ 42. Kg3 Qc3+ 43. Kg4 Qg7 44. Rd8 h5+ 45. gxh6 Qxh6 46. Rd7 Qh5+ 47. Kg3 Qh6 48. Qxf7+ Kh8 49. Rd8 Qg7 50.
Rxf8+ Qxf8 51. Qxf8+ Kh7 52. Qd6 1-0

[Event "*** Titled Tuesday Blitz"]
[Site "Chess.com"]
[Date "2019.12.03"]
[Round "2"]
[White "Laico"]
[Black "Astaneh"]
[Result "0-1"]
[WhiteElo "2310"]
[BlackElo "2557"]
[TimeControl "180+2"]
[EndTime "13:22:57 PST"]
[Termination "Astaneh won by resignation"]

1. e4 e5 2. Nc3 Nf6 3. f4 d5 4.
fxe5 Nxe4 5. Qf3 Nxc3 6. dxc3 Be6 7. Qg3 Nd7 8. Nf3 c6 9. Be2 h5 10. Bg5 Be7 11. Bxe7 Qxe7 12. Qxg7 O-O-O 13. Qg3 h4 14. Qf2 Kb8 15. O-O-O Nxe5 16. Kb1 Ng4 17. Qd4 c5 18. Qf4+ Qc7 19. Qxc7+ Kxc7 20. Rde1 Rdg8 21. Bd3 Nf2 22. Rhg1 Rg7 23. Bf1 Bg4 24. Ne5 Bf5 25. Bd3 Nxd3 26.
Nxd3 Rhg8 27. Nf4 Be4 28. c4 Bxg2 29. cxd5 Kd6 30. Kc1 Bf3 31. Rgf1 Bg4 32. Kd2 Bd7 33. c4 Rg4 34. Re3 b5 35. b3 bxc4 36. bxc4 Rb8 37. Kc3 Rb4 38. a3 Ra4 39. Kb3 a6 40. Ref3 h3 41. Re3 Rxc4 42. Kxc4 Bb5+ 43. Kc3 Bxf1 44. Nxh3 Rc4+ 45. Kb3 Rh4 46. Ng5 Bc4+ 47. Kc3 Bxd5 48.
Rd3 Ke5 49. Nf3+ Bxf3 50. Rxf3 f5 51. h3 Ke4 52. Rf1 Rxh3+ 53. Kc4 Rxa3 54. Kxc5 f4 0-1

[Event "*** Titled Tuesday Blitz"]
[Site "Chess.com"]
[Date "2019.12.03"]
[Round "2"]
[White "fish7728"]
[Black "GCamachoMartinez"]
[Result "1/2-1/2"]
[WhiteElo "2142"]
[BlackElo "2426"]
[TimeControl "180+2"]
[EndTime "13:23:03 PST"]
[Termination "Game drawn by agreement"]

1. d4 Nf6 2. c4 g6 3. Nc3 d5 4. g3 Bg7 5. Bg2 dxc4 6. Nf3 O-O 7.
O-O c5 8. dxc5 Qc7 9. Qa4 Nbd7 10. Qxc4 Qxc5 11. Qxc5 Nxc5 12. Rd1 Bg4 13. Ne5 Be6 14.
Be3 Rac8 15. Bxc5 Rxc5 16. Nd3 Rc7 17. Nb5 Rc2 18. Bxb7 Nd7 19. Bf3 Ne5 20. Nxe5 Bxe5 21. Nd4 Bxd4 22. Rxd4 Rxb2 23. Ra4 Rfb8 24. Rxa7 Bh3 25.
Rc7 Rxa2 26. Rcc1 Rab2 27. Rd1 e5 28. Bg2 Bxg2 29. Kxg2 Rxe2 30. Re1 Rbb2 31. Rxe2 Rxe2 32. Kf3 Rb2 33. Ra5 e4+ 34. Ke3 Kg7 35. Kxe4 Rxf2 36.
h4 h5 37. Ra3 f6 38. Ra7+ Kh6 39. Ra6 g5 40. hxg5+ Kxg5 41. Ke3 Rf1 42. Ra4 f5 43. Ra5 Kg4 44. Ke2 Rb1 45. Ra3 Rb2+ 46. Kf1 Kh3 47. Rc3 Kh2 48. Rf3 Rb5 49. Kf2 Kh3 50. Kf1 Kg4 51. Ra3 Kh3 52. Kf2 Rb2+ 53. Kf3 Rg2 54. Kf4 Rf2+ 55. Kg5 f4 56. gxf4+ Kg2 57. f5 h4 58.
Kxh4 Rxf5 59. Ra2+ Kf3 60. Ra3+ 1/2-1/2

[Event "*** Titled Tuesday Blitz"]
[Site "Chess.com"]
[Date "2019.12.03"]
[Round "2"]
[White "JosefineHeinemann"]
[Black "Perecke"]
[Result "0-1"]
[WhiteElo "2410"]
[BlackElo "2141"]
[TimeControl "180+2"]
[EndTime "13:23:21 PST"]
[Termination "Perecke won by resignation"]

1. e4 c5 2. Nf3 e6 3. d4 cxd4 4. Nxd4 Nc6 5. Nc3 Qc7 6. Be3 a6 7. Qf3 Nf6 8. O-O-O Bb4 9. Nxc6 bxc6 10. Bd4 Be7 11. e5 Nd5 12. Ne4 c5 13. Nd6+ Bxd6 14.
exd6 Qxd6 15. Bxg7 Rg8 16. Bh6 Qc6 17. a3 Bb7 18. Bd3 f5 19. Qh5+ Rg6 20. Rhe1 O-O-O 21. g3 Nf6 22. Qh4 Ne4 23. Be3 h6 24. Qe7 d5 25. Qh7 Rdg8 26. Bxe4 fxe4 27. Bxh6 Qd7 28. Qxd7+ Kxd7 29. Bf4 Rh8 30. h4 Rh5 31. Rd2 e5 32. Bg5 Ke6 33. Re3 d4 34. Rb3 Rg7 35. Rb6+ Kd5 36. b3 Bc6 37. c4+ Kd6 38. Rxa6 Rb7 39.
Kb2 Rh8 40. Re2 Rhb8 41. b4 cxb4 42. a4 Rb6 43. Rxb6 Rxb6 44. a5 Ra6 45. Bd8 Kc5 46.
Bb6+ Kxc4 47. h5 d3 48. Rd2 Ra8 49. g4 Rg8 50. h6 Rxg4 51. Bd8 Rg6 52. a6 Rxh6 53.
a7 Bb7 54. Rd1 Ra6 55. Rc1+ Kd5 56. Rc7 Rxa7 57. Rd7+ Ke6 58. Re7+ Kd6 59. Rh7 b3 60. Bc7+ Ke6 61. Kxb3 Bd5+ 62. Kc3 Ra3+ 63. Kb4 Rb3+ 64. Ka4 d2 65. Rh1 Rc3 66. Rd1 Rxc7 67. Rxd2 Rc3 68.
Kb4 Rf3 69. Kc5 Rc3+ 70. Kb4 e3 71. fxe3 Rxe3 72. Kc5 Rc3+ 73. Kb4 Rc4+ 74. Kb5 e4 75. Re2 Ke5 76. Re1 Rc3 77. Kb4 Kd4 78. Rd1+ Rd3 79.
Re1 e3 80. Kb5 Rd2 81. Kb4 e2 82. Ka3 Kd3 83. Kb4 Rd1 0-1

[Event "*** Titled Tuesday Blitz"]
[Site "Chess.com"]
[Date "2019.12.03"]
[Round "2"]
[White "Kimster98"]
[Black "allvim"]
[Result "1-0"]
[WhiteElo "2568"]
[BlackElo "2202"]
[TimeControl "180+2"]
[EndTime "13:23:27 PST"]
[Termination "Kimster98 won by resignation"]

1. Nf3 Nf6 2. c4 c5 3. Nc3 Nc6 4. g3 g6 5. d4 cxd4 6. Nxd4 Nxd4 7. Qxd4 Bg7 8. Bg2 O-O 9. O-O d6 10. Qd3 Rb8 11. Be3 b6 12. Bd4 Bb7 13. b3 Bxg2 14. Kxg2 Nd7 15. Bxg7 Kxg7 16. Qd4+ Kg8 17. h4 h5 18. Rad1 Nf6 19. e4 Qc7 20. Rfe1 Rfd8 21. a4 Qc5 22. Nd5 Nxd5 23. exd5 Qxd4 24. Rxd4 Rd7 25. f4 a6 26. f5 b5 27. cxb5 axb5 28. fxg6 fxg6 29. a5 b4 30. Re6 Kf7 31. g4 Rc7 32. gxh5 Rc2+ 33. Kf3 gxh5 34. Rf4+ Ke8 35. Rf5 Rc3+ 36. Re3 Rxe3+ 37. Kxe3 Rb5 38. Rxh5 Rxa5 39. Kd4 Rc5 40. Rh8+ Kd7 41. Rb8 Rc1 42. Rxb4 Rh1 43. Ke3 Kc7 44. Re4 Rh3+ 45. Kd4 Rxb3 46. Rxe7+ Kd8 47.
Re4 Rh3 48. Rf4 Ke7 49. Ke4 Rh1 50. Kf5 Kf7 51. Kg5+ Kg7 52. Kf5 Kf7 53. Kg5+ Kg7 54. h5 Rg1+ 55. Kf5 Rd1 56. Ke6 Rh1 57. Rf5 Ra1 58.
Kxd6 Ra6+ 59. Ke7 Ra7+ 60. Ke6 Ra6+ 61. d6 Ra5 62. Rxa5 1-0

[Event "*** Titled Tuesday Blitz"]
[Site "Chess.com"]
[Date "2019.12.03"]
[Round "2"]
[White "SmirnovAlexandrA"]
[Black "Andrii_Prydun"]
[Result "1-0"]
[WhiteElo "2428"]
[BlackElo "2390"]
[TimeControl "180+2"]
[EndTime "13:23:30 PST"]
[Termination "SmirnovAlexandrA won by resignation"]

1. e4 e6 2. d4 d5 3. Nc3 Bb4 4. e5 Ne7 5. a3 Bxc3+ 6. bxc3 c5 7. Qg4 O-O 8. Bd3 f5 9. exf6 Rxf6 10. Qh5 g6 11.
Qd1 Nbc6 12. Nf3 Bd7 13. Bg5 Rf7 14. O-O Qa5 15. Qd2 Raf8 16. Bh6 Re8 17. Rfe1 c4 18. Bf1 Nf5 19. Bf4 Ref8 20. Ne5 Nxe5 21. Bxe5 Ne7 22.
f3 Nc8 23. Reb1 Nb6 24. Bc7 Rc8 25. Bxb6 axb6 26. Rb4 b5 27. Qe3 Qc7 28. g3 Ra8 29.
f4 Ra6 30. Bh3 Rf8 31. Rbb1 Rfa8 32. Re1 Qd6 33. Kf2 Rxa3 34. Rxa3 Rxa3 35. Rb1 Ra2 36. Qe2 Kf7 37. Ke1 Qa3 38. Kd2 Qa5 39. Re1 Ra3 40. Bxe6+ Kf8 41. Qf3 Bxe6 42. Rxe6 b4 43. f5 Rxc3 44.
Qf4 Rxc2+ 45. Kxc2 b3+ 46. Kd1 Qa1+ 47. Ke2 Qb2+ 48.
Kf1 Qb1+ 49. Kg2 Qc2+ 50. Kg1 Qb1+ 51. Kf2 Qxf5 52. Qxf5+ gxf5 53. Rb6 Ke7 54. Ke3 Kd7 55. Rxb7+ Kc6 56. Rb4 h5 57. Kd2 h4 58. Kc3 hxg3 59.
hxg3 Kd6 60. Rb6+ Ke7 61. Rh6 Kf7 62. Rd6 Kg7 63. Rxd5 Kf6 1-0

[Event "*** Titled Tuesday Blitz"]
[Site "Chess.com"]
[Date "2019.12.03"]
[Round "2"]
[White "Winehouse83"]
[Black "XDPS"]
[Result "1-0"]
[WhiteElo "2546"]
[BlackElo "2747"]
[TimeControl "180+2"]
[EndTime "13:23:33 PST"]
[Termination "Winehouse83 won by resignation"]

1. d4 d5 2. c4 c6 3. Nf3 Nf6 4. Nc3 e6 5. e3 Nbd7 6. Qc2 Bd6 7. g4 Bb4 8. Rg1 Qe7 9. Bd3 e5 10. g5 e4 11. gxf6 Nxf6 12. Be2 exf3 13. Bxf3 O-O 14. Bd2 Bxc3 15. Bxc3 Ne4 16. Bxe4 Qxe4 17. Qxe4 dxe4 18. d5 f6 19. O-O-O cxd5 20. cxd5 Bd7 21. Rd4 Rfe8 22. h4 Kf8 23. Kd2 Kf7 24. a4 b6 25. Rc1 Rac8 26. b3 h5 27. Bb2 Rxc1 28. Bxc1 g5 29. hxg5 fxg5 30. Rc4 Bf5 31. Rc7+ Re7 32. d6 Rd7 33. Bb2 h4 34. Be5 Ke6 35. Rxd7 Kxd7 36. Bf6 h3 37. Be5 Kc6 38. Kc3 Kd5 39. Bg3 Bd7 40. Kd2 Kc5 41. Kc3 Be6 42. b4+ Kd5 43. a5 b5 44. Bh2 a6 45. Bg3 Bd7 46. Bh2 Bg4 47. Bg3 Bc8 48. Bh2 Ke6 49. Kd4 Kf5 50.
Bg3 Bd7 51. Bh2 Bc6 52. Kc5 Bd7 53. Kb6 Kg4 54. Kxa6 Kf3 55. Bg3 Kg2 56. Kb7 h2 57.
Bxh2 Kxh2 58. a6 Kg2 59. a7 Kxf2 60. a8=Q g4 61. Kc7 Be6 62. Qf8+ Kxe3 63. Qh6+ Kf3 64.
Qxe6 g3 65. d7 g2 66. Qf5+ Ke3 67. Qg4 Kf2 68. Qxe4 g1=Q 69. Qd4+ 1-0

[Event "*** Titled Tuesday Blitz"]
[Site "Chess.com"]
[Date "2019.12.03"]
[Round "2"]
[White "artooon"]
[Black "RitvarsReimanis"]
[Result "1/2-1/2"]
[WhiteElo "2802"]
[BlackElo "2578"]
[TimeControl "180+2"]
[EndTime "13:23:35 PST"]
[Termination "Game drawn by agreement"]

1. e4 c5 2. Nf3 Nc6 3. d4 cxd4 4. Nxd4 Nf6 5. Nc3 d6 6. Bg5 e6 7. Qd2 a6 8. O-O-O Bd7 9. f4 h6 10. Bxf6 Qxf6 11. Nf3 Qd8 12. Kb1 Qa5 13. a3 b5 14. Ne2 Qxd2 15. Rxd2 g5 16. g3 gxf4 17.
Nxf4 h5 18. Be2 Be7 19. h4 O-O-O 20. Ng5 Bxg5 21. hxg5 Rdg8 22. Rxh5 Rxh5 23. Bxh5 Rxg5 24. Bxf7 e5 25. Ne6 Bxe6 26. Bxe6+ Kc7 27. g4 Nd4 28. Bf5 d5 29. c3 Nxf5 30. exf5 Rxg4 31. Rxd5 e4 32. f6 Rf4 33. Re5 Kd6 34. Re8 Rxf6 35. Rxe4 Rf2 36. Ka2 a5 37. Rh4 a4 38. Rh6+ Kc5 39. Rh5+ Kc4 40. Rh4+ Kc5 41. Rb4 Rg2 42. Kb1 Rg1+ 43. Kc2 Rg2+ 44. Kd3 Rg3+ 45. Ke2 Rh3 46.
Kd2 Rh2+ 47. Kd3 Rh3+ 48. Kc2 Rh2+ 49. Kb1 Rh1+ 50. Ka2 Rh2 51. Rg4 Rf2 52. Rg8 Rh2 53. Rc8+ Kd5 54. Rc7 Kd6 55. Rc8 Kd5 56. Rd8+ Kc5 57.
Rd4 Rg2 58. Kb1 Rh2 59. Kc1 Rh1+ 60. Rd1 Rh2 61. Rd2 Rh3 62. Kc2 Rg3 63. Rh2 Rf3 64.
Rh5+ Kc4 65. Rh4+ Kc5 66. Rh2 Rg3 67. Rd2 Rh3 68. Rf2 Kc4 69. Rf4+ Kc5 70. c4 Rh2+ 71. Kc1 bxc4 72. Rg4 Rh1+ 73. Kc2 Rh2+ 74. Kc3 Rh3+ 75. Kd2 Rh2+ 76. Kc1 Rh1+ 77. Kc2 Rh2+ 1/2-1/2

[Event "*** Titled Tuesday Blitz"]
[Site "Chess.com"]
[Date "2019.12.03"]
[Round "2"]
[White "SONOFHOLYGOD"]
[Black "Misticpikachu"]
[Result "1/2-1/2"]
[WhiteElo "2506"]
[BlackElo "2293"]
[TimeControl "180+2"]
[EndTime "13:23:40 PST"]
[Termination "Game drawn by repetition"]

1. d4 d5 2. c4 e6 3. cxd5 exd5 4. Nc3 Nf6 5. Bg5 Be7 6. e3 O-O 7. Bd3 c6 8. Qc2 Re8 9. Nge2 Nbd7 10. Kf1 Nf8 11. h3 Ng6 12. g4 Bd6 13. Rd1 h6 14. Bxg6 hxg5 15. Bd3 Qe7 16. Kg2 b5 17. a3 a5 18. Ng3 Bxg3 19. Kxg3 b4 20. axb4 axb4 21. Ne2 Qd6+ 22. Kg2 Ne4 23. Bxe4 Rxe4 24. Ng3 Re7 25. Rc1 Bd7 26. Ra1 Rae8 27. Rhc1 g6 28. Qc5 Qe6 29. Re1 f5 30. f3 Qf6 31. Qxb4 f4 32. exf4 Rxe1 33. Rxe1 Rxe1 34. Qxe1 Qxd4 35. fxg5 Qxb2+ 36.
Ne2 c5 37. Kg3 Qe5+ 38. Kf2 d4 39. Ng3 Qxe1+ 40. Kxe1 Bc6 41. f4 Bg2 42. h4 c4 43.
Ne2 d3 44. Nc3 Bf3 45. h5 gxh5 46. gxh5 Bxh5 47. Kd2 Kg7 48. Ne4 Bf7 49. Nd6 Bd5 50. Kc3 Kg6 51. Kd2 Bg8 52. Ke3 Kh5 53. Ne4 Kg6 54. Nd6 Be6 55. Ne4 Bg8 56. Nc3 Kf5 57. Ne4 Kg6 1/2-1/2

[Event "*** Titled Tuesday Blitz"]
[Site "Chess.com"]
[Date "2019.12.03"]
[Round "2"]
[White "chiwii"]
[Black "ChessBitl"]
[Result "0-1"]
[WhiteElo "1933"]
[BlackElo "2380"]
[TimeControl "180+2"]
[EndTime "13:23:43 PST"]
[Termination "ChessBitl won by resignation"]

1. e4 c5 2. Nf3 Nc6 3. d4 cxd4 4. Nxd4 g6 5. Nc3 Bg7 6. Be3 Nf6 7. Bc4 O-O 8. Bb3 a5 9. h3 a4 10. Bc4 Nxe4 11.
Nxe4 d5 12. Bxd5 Qxd5 13. Nxc6 Qxe4 14. Nd4 Rd8 15. c3 e5 16. Qf3 Qxf3 17. Nxf3 Be6 18. O-O b5 19. Bc5 h6 20. Rfe1 Rd3 21. Nxe5 Rd2 22.
Ba3 Kh7 23. Rad1 Rad8 24. Rxd2 Rxd2 25. Nf3 Rc2 26. Rd1 Bxa2 27. Nd4 Bxd4 28. Rxd4 Bc4 29. Rd7 Kg7 30. f3 h5 31. h4 Kf6 32. Rb7 Kg7 33. Rb6 Rc1+ 34. Kh2 Rc2 35. Kg1 Re2 36.
Rb8 Re5 37. Bf8+ Kh7 38. Bd6 Re6 39. Bf4 Kg7 40. Rb7 Re2 41. Kh2 Bd5 42. Rxb5 Bxf3 43. Kg3 Bxg2 44. Be5+ f6 45. Bd4 Bc6 46. Rb6 Be4 47.
Bxf6+ Kf7 48. Bg5 Bf5 49. Rf6+ Kg7 50. Ra6 Rxb2 51. Rxa4 Rc2 52. Rc4 Kf7 53. Rc7+ Ke6 54. c4 Ke5 55. Bf4+ Kd4 56. c5 Rc3+ 57. Kg2 Be4+ 58. Kf1 Bf3 59. Bg5 Ke4 60. Bf6 Rc2 61. Re7+ Kf5 62. Bd4 Kg4 63. Re1 Kxh4 64. Bf2+ Kg4 65.
Kg1 h4 66. Re6 g5 67. Be1 Rg2+ 68. Kf1 Rc2 69. Rd6 h3 70. Rd4+ Kf5 71. Bg3 h2 72. Bxh2 Rxh2 73. Rd6 Rc2 74. Rd8 Kg4 75.
Rd4+ Kg3 76. Ke1 0-1

[Event "*** Titled Tuesday Blitz"]
[Site "Chess.com"]
[Date "2019.12.03"]
[Round "2"]
[White "sergoy"]
[Black "olksuna"]
[Result "1-0"]
[WhiteElo "2909"]
[BlackElo "2597"]
[TimeControl "180+2"]
[EndTime "13:23:45 PST"]
[Termination "sergoy won on time"]

1. d4 d5 2. c4 e6 3. Nf3 Nf6 4.
Nc3 c5 5. cxd5 Nxd5 6. g3 Nxc3 7. bxc3 cxd4 8. cxd4 Bb4+ 9. Bd2 Bxd2+ 10. Qxd2 b6 11. Bg2 Bb7 12. O-O O-O 13. a4 Nc6 14. Ne5 Rc8 15. Rfc1 Qxd4 16. Qxd4 Nxd4 17. Bf1 f6 18. Nd3 e5 19. f4 exf4 20. gxf4 Ba6 21. Rxc8 Rxc8 22.
Rd1 Rc2 23. Kf2 Bxd3 24. Rxd3 Ne6 25. Kf3 Nc5 26. Rd8+ Kf7 27. e3 h5 28. h4 Rh2 29.
Bc4+ Ke7 30. Rg8 Rxh4 31. Rxg7+ Kd6 32. Rxa7 Rh3+ 33. Ke2 Rh2+ 34. Kf3 Rh3+ 35. Kf2 Ne4+ 36. Ke2 Rh2+ 37. Kd3 Nc5+ 38. Kd4 h4 39. a5 bxa5 40.
Rxa5 Rd2+ 41. Kc3 Ne4+ 42. Kb4 h3 43. Ra6+ Kc7 44. Ra7+ Kb6 45. Ra6+ Kb7 46. Ra1 h2 47. Be6 Nf2 48. Kc5 Rc2+ 49. Kd6 Rd2+ 50. Ke7 h1=Q 51.
Rxh1 Nxh1 52. Kxf6 Kc7 53. e4 Nf2 54. e5 Kd8 55. f5 Ne4+ 56. Kg7 Rg2+ 57. Kf8 Ng5 58. Bf7 Nxf7 59. Kxf7 Ra2 60. f6 Ra7+ 61. Kg8 Ra6 62. f7 Rg6+ 63. Kh7 1-0

[Event "*** Titled Tuesday Blitz"]
[Site "Chess.com"]
[Date "2019.12.03"]
[Round "2"]
[White "Sajkochess"]
[Black "ShahMatKanal"]
[Result "0-1"]
[WhiteElo "2248"]
[BlackElo "2484"]
[TimeControl "180+2"]
[EndTime "13:23:46 PST"]
[Termination "ShahMatKanal won by resignation"]

1. e4 c5 2. Nf3 Nc6 3. d4 cxd4 4. Nxd4 e5 5. Nb5 a6 6. N5c3 Bb4 7. Bc4 Nf6 8. O-O O-O 9. Nd5 Nxe4 10. Qf3 Nd6 11. Bb3 Nd4 12. Qg4 Kh8 13. c3 f5 14. Qd1 Nxb3 15. Nxb4 Nxa1 16. Qxd6 Qf6 17. Qxf6 gxf6 18. Bh6 Rg8 19. Na3 f4 20. Nd5 b5 21. Ne7 Rg4 22. h3 Rh4 23. Bf8 Bb7 24. Nf5 Rh5 25. Nd6 Bc6 26. Be7 Kg7 27. Rxa1 Rg5 28. f3 Bxf3 29. Kf2 Bxg2 30. Rg1 f3 31.
Ne4 Rg6 32. Nc2 Re8 33. Bc5 d5 34. Ng3 e4 35. Be3 Bxh3 36. Nh5+ Kf7 37. Nd4 Rxg1 38. Kxg1 Rg8+ 39. Kh2 Bg4 40. Nf4 Bd7 41. Bf2 h5 42. Bg3 a5 43. Nxd5 h4 44. Bxh4 Rg2+ 45. Kh1 Rxb2 46. Bg3 Rxa2 47. Ne3 a4 48. Nec2 Rb2 49.
Kg1 f5 50. Kf2 Rb1 51. Ke3 Rg1 52. Kf4 Rb1 53. Ke5 Rb2 54. Bf4 f2 55. Ne3 a3 56.
Bg3 a2 57. Bxf2 Rxf2 58. Nb3 Rb2 59. Na1 Rb1 60. Nec2 Rc1 61. Kf4 Kf6 62. Ke3 Ke5 63. Kd2 Rh1 64. Nb3 Be6 65. Nbd4 a1=Q 66. Nxa1 Rxa1 67.
Nxb5 f4 0-1

[Event "*** Titled Tuesday Blitz"]
[Site "Chess.com"]
[Date "2019.12.03"]
[Round "2"]
[White "Vuk2000"]
[Black "arminmusovic"]
[Result "1/2-1/2"]
[WhiteElo "2757"]
[BlackElo "2542"]
[TimeControl "180+2"]
[EndTime "13:23:50 PST"]
[Termination "Game drawn - insufficient material"]

1. d4 d5 2. Bf4 c5 3. e3 cxd4 4.
exd4 Nc6 5. c3 Nf6 6. Nd2 g6 7. Ngf3 Bg7 8. Bd3 O-O 9. O-O Re8 10. Re1 Nd7 11. Bb5 a6 12. Bxc6 bxc6 13. Nb3 f6 14.
Bg3 e5 15. dxe5 fxe5 16. Rc1 e4 17. Nfd4 Ne5 18. Bxe5 Bxe5 19. Nxc6 Bxh2+ 20. Kxh2 Qc7+ 21. Kg1 Qxc6 22. Rc2 Qf6 23. Qxd5+ Be6 24. Qd4 Qxd4 25. Nxd4 Bc4 26. Re3 Rab8 27. b3 Bd3 28. Rd2 Rec8 29.
Ne2 a5 30. c4 a4 31. Nd4 axb3 32. axb3 Bb1 33. Rd1 Ba2 34. Ra1 Ra8 35. Re2 Rd8 36.
Ne6 Bxb3 37. Rxa8 Rxa8 38. Rxe4 Re8 39. Ng5 Rxe4 40. Nxe4 Bxc4 41. Kh2 Kg7 42. Kg3 Bd5 43. Nc3 Bc6 44. f3 Kf6 45. Kf4 g5+ 46. Kg4 Kg6 47.
Kg3 h5 48. Ne2 Bd5 49. Kf2 Kf5 50. Ng3+ Kg6 51. Nf1 Be6 52. Ne3 Kf6 53. Nf1 Kg6 54. Nd2 Kf5 55. Ne4 Bd5 56. Ng3+ Kg6 57. Ke3 h4 58.
Ne2 Be6 59. Nd4 Bd7 60. Kf2 Kf6 61. Nc2 Be6 62. Ne1 Kf5 63. Nc2 Bd7 64. Nd4+ Kf6 65. Ne2 Kf5 66. Ke3 Ke5 67. Ng1 Bc8 68. Ne2 Bd7 69. Kf2 Kf5 70. Nc3 Bc6 71. Nb1 Kg6 72.
Nd2 Bd5 73. Nf1 Be6 74. Ne3 Kh5 75. Nc2 Kg6 76. Nd4 Bd7 77. Ke3 Kf6 78. Ke4 h3 79. gxh3 Bxh3 80. f4 Bg2+ 81. Ke3 gxf4+ 82. Kxf4 1/2-1/2

[Event "*** Titled Tuesday Blitz"]
[Site "Chess.com"]
[Date "2019.12.03"]
[Round "2"]
[White "gemarin"]
[Black "mitrabhaa"]
[Result "0-1"]
[WhiteElo "2121"]
[BlackElo "2636"]
[TimeControl "180+2"]
[EndTime "13:23:54 PST"]
[Termination "mitrabhaa won on time"]

1. d4 Nf6 2. c4 c5 3. d5 e6 4. Nc3 exd5 5. cxd5 d6 6. e4 g6 7. f4 Bg7 8. e5 Nfd7 9. Nb5 O-O 10. Nxd6 Nxe5 11.
fxe5 Qh4+ 12. g3 Qe7 13. Nc4 b5 14. d6 Qe6 15. Bg2 bxc4 16. Bxa8 Bxe5 17. Kf1 Rd8 18. Qd5 Qf6+ 19. Qf3 Qxd6 20. Bg5 Re8 21. Rd1 Qa6 22. Kg2 Bxb2 23. Bd5 Bf5 24. g4 Be6 25. Bxe6 Qxe6 26. Nh3 Nc6 27. Rhe1 Ne5 28. Qe4 Bd4 29. Kh1 c3 30. Bh4 Qxa2 31. Bg3 f6 32. g5 f5 33. Qb7 c2 34. Rc1 Re7 35. Qa8+ Kf7 36. Nf4 Rd7 37. Re2 Bb2 38. Rexc2 Qb3 39. Qg2 Bxc1 40. Rxc1 c4 41. Qe2 Qb5 42. Ng2 Nd3 43.
Ra1 c3 44. Qc2 Qb2 45. Ra2 Qc1+ 46. Qxc1 Nxc1 47. Rc2 Rd1+ 48. Ne1 Nd3 49. Rxc3 Nxe1 50. Bxe1 Rxe1+ 51. Kg2 Re7 52. Rc8 Ke6 53. Ra8 Ke5 54. Kf3 Kd4 55. h4 Kc5 56. h5 Kb5 57. Rg8 gxh5 58. Rf8 a5 59. Rxf5+ Kb4 60. Rf8 Rb7 61. Rb8 Rxb8 0-1

[Event "*** Titled Tuesday Blitz"]
[Site "Chess.com"]
[Date "2019.12.03"]
[Round "2"]
[White "MPGM"]
[Black "Man-Chuk"]
[Result "0-1"]
[WhiteElo "2602"]
[BlackElo "2928"]
[TimeControl "180+2"]
[EndTime "13:24:02 PST"]
[Termination "Man-Chuk won by resignation"]

1. d4 Nf6 2. c4 e6 3. Nf3 d5 4. g3 Bb4+ 5. Bd2 Be7 6. Bg2 O-O 7.
O-O Nbd7 8. Qc2 c6 9. Bf4 b6 10. Nbd2 Nh5 11. Be3 Bb7 12. Rfd1 Rc8 13. Rac1 f5 14.
Nf1 g5 15. Bd2 h6 16. Qa4 a6 17. cxd5 cxd5 18. Bb4 Bxb4 19. Qxb4 Nhf6 20. h4 Ne4 21.
hxg5 hxg5 22. Ne3 a5 23. Qe1 Qf6 24. Nf1 g4 25. N3d2 Ba6 26. e3 Ng5 27. Rxc8 Rxc8 28.
Rc1 Qd8 29. Nb1 Bd3 30. Rxc8 Qxc8 31. Qc3 Qxc3 32. Nxc3 Be4 33. Nxe4 dxe4 34. Nd2 Kf7 35. Kf1 Ke7 36. Ke1 Nf6 37. Bf1 Nf3+ 38. Kd1 Nd5 39.
a3 Kd6 40. Nc4+ Kc7 41. Ne5 Nxe5 42. dxe5 Kd7 43. Bb5+ Ke7 44. Kc2 Kf7 45. Kb3 Ne7 46. Kc4 Ng6 47. Kd4 Ke7 48. b4 axb4 49. axb4 Kd8 50.
Bc6 Ne7 51. Bb5 Kc7 52. Be8 Kd8 53. Bb5 Nd5 54. Bc4 Nc7 55. Kc3 Kd7 56. Kd4 Kc6 57. Be2 Nd5 58. b5+ Kd7 59. Bc4 Ne7 60. Bb3 Ng8 61.
Bc4 Nh6 62. Bb3 Nf7 63. Bc4 Ng5 64. Be2 Nh3 65. Bf1 Nxf2 66. Bg2 Nh3 67. Bf1 Ng5 68. Be2 Nf3+ 69. Kc3 Nxe5 0-1

[Event "*** Titled Tuesday Blitz"]
[Site "Chess.com"]
[Date "2019.12.03"]
[Round "2"]
[White "Alexander_Donchenko"]
[Black "Qvalda"]
[Result "1-0"]
[WhiteElo "2748"]
[BlackElo "2521"]
[TimeControl "180+2"]
[EndTime "13:24:08 PST"]
[Termination "Alexander_Donchenko won by resignation"]

1. d4 d5 2. c4 dxc4 3. e3 e5 4. Bxc4 exd4 5. exd4 Bd6 6. Nf3 Nf6 7. Qe2+ Qe7 8. Qxe7+ Bxe7 9. O-O O-O 10. Re1 Bd6 11. Nc3 a6 12. Bg5 Nbd7 13. Ne5 b5 14. Bd5 Nxd5 15. Nxd5 f6 16. Nxd7 Bxd7 17. Bf4 Bxf4 18.
Nxf4 Rfd8 19. Rac1 Bg4 20. f3 Bf5 21. Rc5 Bg6 22. Rxc7 Rac8 23. Rxc8 Rxc8 24. Nxg6 hxg6 25. Re2 Kf7 26. Kf2 Rd8 27. Ke3 Ke6 28. Rc2 Kd6 29.
Rc1 Re8+ 30. Kd3 g5 31. a3 Rb8 32. h3 Re8 33. Ra1 Rb8 34. Rf1 Re8 35. f4 gxf4 36.
Rxf4 Re1 37. Rg4 g5 38. h4 gxh4 39. Rxh4 Rg1 40. Rf4 Ke6 41. Rf2 Rd1+ 42. Rd2 Re1 43. Kc3 Kd5 44. Kb4 Re6 45. Ka5 Kc4 46. d5 Rd6 47.
Rf2 Kb3 48. Rd2 Kc4 49. g4 Kb3 50. Rf2 Kc4 51. Re2 Kb3 52. Rd2 Kc4 53. b4 Kb3 54.
Rd3+ Kc4 55. Re3 Kd4 56. Re6 Rxd5 57. Rxf6 Kc4 58. Rxa6 Kb3 59. Rb6 Kxa3 60. Rxb5 Rd8 61. Rb6 Ra8+ 62. Ra6 Rg8 63. b5 Rxg4 64. Rc6 Ra4+ 65.
Kb6 Kb4 66. Rh6 Ra1 67. Rh4+ Kc3 68. Kb7 Rg1 69. b6 Rg6 70. Ka7 Rg7+ 71. b7 Rh7 72.
Rxh7 1-0